 Dungeon Crawl Stone Soup version 0.26-a0-18-g135ff06667 (webtiles) character file.

Game seed: 10968713590289417125, levelgen mode: deterministic

198 Mrkan the Skirmisher (level 5, -8/55 HPs)
             Began as a Troll Monk on May 25, 2020.
             Mangled by a gnoll
             ... wielding a +0 halberd
              (10 damage)
             ... on level 4 of the Dungeon.
             The game lasted 00:05:03 (2402 turns).

Mrkan the Skirmisher (Troll Monk)                   Turns: 2402, Time: 00:05:04

Health: -8/55      AC:  6    Str: 19    XL:     5   Next: 47%
Magic:  4/4        EV: 10    Int:  6    God:
Gold:   84         SH:  0    Dex: 13    Spells: 4/4 levels left

rFire    . . .     SeeInvis .     - Unarmed
rCold    . . .     Gourm    +   (no shield)
rNeg     . . .     Faith    .   a - +0 robe
rPois    .         Spirit   .   (helmet restricted)
rElec    .         Reflect  .   (no cloak)
rCorr    .         Harm     .   (gloves unavailable)
MR       .....                  (boots unavailable)
Stlth    ++........             (no amulet)
HPRegen  0.58/turn              (no ring)
MPRegen  0.09/turn              (no ring)

@: lightly drained
A: large, unfitting armour, claws 3, fast metabolism 3, gourmand, regeneration
1, shaggy fur 1, tough skin 3
a: no special abilities


You were on level 4 of the Dungeon.
You were completely stuffed.

You visited 1 branch of the dungeon, and saw 4 of its levels.

You collected 84 gold pieces.

Inventory:

Armour
 a - a +0 robe (worn)
Jewellery
 c - a cursed ring of teleportation {unknown}
 e - an uncursed ring of magical power {unknown}
Wands
 q - a wand of paralysis (22)
Scrolls
 d - 5 scrolls of identify {unknown}
 f - 2 scrolls of magic mapping {unknown}
 g - a scroll of fog {unknown}
 i - 2 scrolls of teleportation {unknown}
 j - a scroll of immolation {unknown}
 o - a scroll of enchant armour {unknown}
 r - a scroll of amnesia {unknown}
Potions
 h - 2 potions of magic {unknown}
 k - 2 potions of curing {unknown}
 l - a potion of mutation {unknown}
 n - 2 potions of invisibility {unknown}
 p - a potion of lignification {unknown}
Comestibles
 b - 9 rations
 m - 8 chunks of flesh


   Skills:
 + Level 4.6(4.3) Fighting
 - Level 2.4(2.1) Dodging
 - Level 1.0(0.7) Stealth
 - Level 4.0(3.6) Unarmed Combat


You had 4 spell levels left.
You didn't know any spells.
Your spell library was empty.

Dungeon Overview and Level Annotations

Branches:
Dungeon (4/15)
 Temple: D:4-7

Altars:


Innate Abilities, Weirdness & Mutations

You are too large for most types of armour.
You have claws for hands.
Your metabolism is lightning-fast.
You like to eat raw meat.
Your natural rate of healing is unusually fast.
You are covered in fur. (AC +1)
You have extremely tough skin. (AC +3)


Message History

The gnoll shouts! x2
The gnoll hits you from afar with a +0 spear.
* * * LOW HITPOINT WARNING * * *
The quokka bites you.
* * * LOW HITPOINT WARNING * * *
You hear a shout!
A gnoll comes into view.
The gnoll shouts! x2
The gnoll hits you but does no damage. The quokka bites you.
* * * LOW HITPOINT WARNING * * *
The gnoll hits you from afar with a +0 spear.
* * * LOW HITPOINT WARNING * * *
The gnoll closely misses you.
The gnoll hits you from afar with a +0 halberd.
* * * LOW HITPOINT WARNING * * *
The gnoll hits you with a +0 flail.
* * * LOW HITPOINT WARNING * * *
The quokka bites you but does no damage.
The gnoll hits you from afar with a +0 halberd!
You die...

#.......#
+.....).# ...
##...##.# ..#
#...
#.######..##.
.....
#............
#......
#<...........
#......
#...g........
+......
#.gg.........
#......
#ggr.@.......
#g###+###...#
.... #
....g..
..........
##.........
#..........
#...........


You could see 6 gnolls and a quokka.

Vanquished Creatures
  2 orc wizards (D:3)
  4 adders
  4 gnolls
  An ooze (D:3)
  2 dart slugs
  2 worms (D:3)
  4 orcs (D:3)
  3 giant cockroaches (D:1)
  3 goblins
  7 hobgoblins
  4 jackals (D:3)
  A quokka (D:3)
  4 bats
  6 frilled lizards
  7 kobolds
  4 rats
58 creatures vanquished.

Notes
Turn   | Place    | Note
-------+----------+-------------------------------------------
     0 | D:1      | Mrkan the Troll Monk began the quest for the Orb.
     0 | D:1      | Reached XP level 1. HP: 22/22 MP: 0/0
   182 | D:1      | Reached XP level 2. HP: 29/29 MP: 1/1
  1197 | D:2      | Reached XP level 3. HP: 36/36 MP: 2/2
  1874 | D:3      | Reached XP level 4. HP: 45/45 MP: 3/3
  2318 | D:3      | Reached XP level 5. HP: 54/54 MP: 4/4
  2401 | D:4      | HP: 2/55 [gnoll/+0 flail (2)]
  2402 | D:4      | Mangled by a gnoll

Illustrated notes

Levels and vault maps discovered:
D:1:      dpeg_arrival_round_c, layout_basic
D:2:      layout_loops_corners, first_ration
D:3:      layout_rooms
D:4:      lemuel_upstairs_altar, layout_gridville, gammafunk_ghost_arena

Skill      XL: |  1  2  3  4 |
---------------+-------------+-----
Unarmed Combat | 4 |  4.0
Fighting       | 3 4 |  4.6
Dodging        | |  2.4
Stealth        | |  1.0

Action                   |  1- 3 |  4- 6 || total
-------------------------+-------+-------++-------
Melee: Unarmed           |    80 |    85 ||   165
       Punch             |     1 |     3 ||     4
 Stab: Sleeping          |     2 |       ||     2
  Eat: Chunk             |    19 |     5 ||    24
       Ration            |     1 |       ||     1
Armor: Robe              |    38 |    22 ||    60
Dodge: Dodged            |    44 |    47 ||    91

Table legend:
 A = Non-vault XP
 B = Vault XP
 C = Vault XP percentage of total XP
 D = Non-vault monster count
 E = Vault monster count
 F = Vault count percentage of total count
                 A         B        C        D         E       F
            +---------+---------+-------+---------+---------+-------
      Total |     283 |       0 |   0.0 |      58 |       0 |   0.0
            +---------+---------+-------+---------+---------+-------
        D:1 |      28 |       0 |   0.0 |      17 |       0 |   0.0
        D:2 |      31 |       0 |   0.0 |       4 |       0 |   0.0
        D:3 |     210 |       0 |   0.0 |      36 |       0 |   0.0
        D:4 |      14 |       0 |   0.0 |       1 |       0 |   0.0
            +---------+---------+-------+---------+---------+-------
